 Dungeon Crawl Stone Soup version 0.17-a0-1778-gd369669 (webtiles) character file.

402 Snowclone the Gusty (level 6, -3/32 HPs)
             Began as a Tengu Air Elementalist on Sept 7, 2015.
             Was a Believer of Cheibriados.
             Slain by ololoev's ghost (7 damage)
             ... on level 4 of the Dungeon on Sept 8, 2015.
             The game lasted 00:31:22 (3580 turns).

Snowclone the Gusty (Tengu Air Elementalist)        Turns: 3580, Time: 00:31:22

Health: -3/32      AC:  3    Str: 13    XL:     6   Next: 85%
Magic:  10/13      EV: 13    Int: 21    God:    Cheibriados [**....]
Gold:   133        SH:  0    Dex: 21    Spells: 4 memorised, 6 levels left

rFire  . . .     SeeInvis .     n - +2 dagger (drain)
rCold  . . .     Clarity  .     a - +1 robe
rNeg   . . .     SustAt   .     (no shield)
rPois  .         Gourm    .     (helmet restricted)
rElec  .         Spirit   .     (no cloak)
rCorr  .         Warding  .     (no gloves)
rMut   .         Stasis   .     (boots unavailable)
MR     .....                    (no amulet)
Stlth  ++........               (no ring)
                                (no ring)

@: very slow, not resistant to hostile enchantments, unstealthy
A: beak, talons 3, able to fly 1
a: Fly, Bend Time, Renounce Religion


You were on level 4 of the Dungeon.
You worshipped Cheibriados.
Cheibriados was pleased with you.
You were not hungry.

You visited 1 branch of the dungeon, and saw 4 of its levels.

You collected 133 gold pieces.

Inventory:

Hand weapons
 i - a +0 short sword
 n - a +2 dagger of draining (weapon)
Missiles
 g - 3 poisoned tomahawks (quivered)
Armour
 a - a +1 robe (worn)
Scrolls
 c - 2 scrolls of enchant armour
 f - 2 scrolls of remove curse
 h - 4 scrolls of identify
Potions
 d - a potion of invisibility {unknown}
 e - 2 potions of flight
 j - a potion of beneficial mutation {unknown}
 l - a potion of haste {unknown}
 m - a potion of brilliance {unknown}
 o - a potion of might {unknown}
 p - a potion of heal wounds {unknown}
 s - a potion of agility {unknown}
Books
 b - a book of Air

   Spells                             Type                      Level
   a - Shock                          Conjuration/Air              1
   b - Swiftness                      Charms/Air                   2
   c - Repel Missiles                 Charms/Air                   2
   d - Static Discharge               Conjuration/Air              3
   e - Lightning Bolt                 Conjuration/Air              5
Comestibles
 k - 2 meat rations
 q - a chunk of flesh
 r - a bread ration


   Skills:
 - Level 2.0 Short Blades
 - Level 2.1 Dodging
 - Level 2.1 Stealth
 + Level 4.5 Spellcasting
 - Level 4.0 Conjurations
 + Level 5.0 Air Magic
 + Level 1.8 Invocations


You had 6 spell levels left.
You knew the following spells:

 Your Spells              Type           Power        Failure   Level  Hunger
a - Shock                 Conj/Air       ###.         1%          1    None
b - Swiftness             Chrm/Air       ###.....     8%          2    #......
c - Static Discharge      Conj/Air       ###.....     6%          3    ##.....
d - Repel Missiles        Chrm/Air       ###...       8%          2    #......


Dungeon Overview and Level Annotations

Branches:
Dungeon (4/15)
 Temple: D:4-7

Altars:
Cheibriados
Makhleb
Yredelemnul

Annotations:
D:1 exclusion: gnoll
D:4 ololoev's ghost, average DrSk


Innate Abilities, Weirdness & Mutations

You have a beak for a mouth.
You have claws for feet.
You can fly.


Message History

Ololoev's ghost seems to slow down.
You feel slightly more hungry.
Read which item? (? for menu, Esc to quit)
Okay, then.
Press: ? - help, v - describe, . - travel
Here: ololoev's ghost, wielding a vorpal weapon (slow)
The floor.
Ololoev's ghost hits you but does no damage.
You see here a dagger.
Ololoev's ghost is no longer moving slowly.
Ololoev's ghost hits you. Ololoev's ghost hits you.
Use which ability?
The flow of time bends around you.
Ololoev's ghost resists with some effort.
You feel slightly more hungry.
Cheibriados reduces the support of your attributes as your movement quickens.
Ololoev's ghost hits you!
* * * LOW HITPOINT WARNING * * *
x2 Ololoev's ghost hits you!
You die...

#####.# #.# #.# #.# .#######..
#.# .........# # #.#
#####.######... ## ####.#
#.........#.... .## ##.##.#
#.#.#.###......
..####...#.########.....###......
..'..).........W@.........+......
..####...#.########......##......
.## ##.##.# #.#....##...... ##
####.# #.###.###.#.... # #.#
##.###.###.##... #.#
#........<..###'# #.#
#.#..##.##### #.# #.#
.##.##.#######.. ................


You could see ololoev's ghost.

Vanquished Creatures
  An ogre (D:3)
  An iguana (D:3)
  Ijyb (D:2)
  2 orc priests (D:3)
  Jessica (D:2)
  Natasha (thrice) (D:3)
  4 adders
  An ooze (D:3)
  2 worms
  2 giant geckos
  9 orcs
  4 bats
  10 hobgoblins
  16 jackals
  3 quokkas
  3 ball pythons
  3 giant cockroaches
  3 giant newts (D:2)
  7 goblins
  9 kobolds
  9 rats
94 creatures vanquished.

Notes
Turn   | Place    | Note
--------------------------------------------------------------
     0 | D:1      | Snowclone the Tengu Air Elementalist began the quest for the Orb.
     0 | D:1      | Reached XP level 1. HP: 10/10 MP: 4/4
   352 | D:1      | Reached XP level 2. HP: 9/15 MP: 1/6
   356 | D:1      | Learned a level 2 spell: Swiftness
   834 | D:2      | Noticed Jessica
  1226 | D:2      | Reached XP level 3. HP: 5/19 MP: 0/7
  1349 | D:2      | Found a burning altar of Makhleb.
  1552 | D:2      | Noticed Ijyb
  1737 | D:1      | Learned a level 3 spell: Static Discharge
  1765 | D:2      | Reached skill level 1 in Short Blades
  1877 | D:2      | Killed Jessica
  1877 | D:2      | Reached XP level 4. HP: 15/24 MP: 3/9
  2128 | D:2      | Killed Ijyb
  2172 | D:3      | Noticed Natasha
  2182 | D:3      | Killed Natasha
  2182 | D:3      | Gained mutation: You can fly. [Tengu growth]
  2182 | D:3      | Reached XP level 5. HP: 16/28 MP: 2/11
  2256 | D:3      | Noticed Natasha
  2259 | D:3      | Killed Natasha
  2402 | D:3      | Found a faded altar to an unknown god.
  2410 | D:3      | Became a worshipper of Cheibriados the Contemplative
  2410 | D:3      | Acquired Cheibriados's first power
  2482 | D:3      | Learned a level 2 spell: Repel Missiles
  2496 | D:3      | Noticed Natasha
  2499 | D:3      | Killed Natasha
  2628 | D:3      | Upgraded the game from 0.17-a0-1769-g54adf96 to 0.17-a0-1778-gd369669
  2676 | D:3      | Found a basalt altar of Yredelemnul.
  2764 | D:3      | Reached XP level 6. HP: 11/32 MP: 0/13
  2937 | D:3      | Reached skill level 1 in Invocations
  3509 | D:3      | Reached skill level 5 in Air Magic
  3559 | D:4      | Noticed ololoev's ghost (average DrSk)
  3580 | D:4      | Slain by ololoev's ghost

Vault maps used:
D:1:      scummos_arrival_hexagon
D:2:      hex_large, lemuel_statue_altar, uniq_iyjb, uniq_jessica
D:3:      ecumenical_altar_1, first_bread, yredelemnul_altar_generic,
          uniq_natasha
D:4:      corexii_shack_village

Action                   |  1- 3 |  4- 6 || total
-------------------------+-------+-------++-------
Melee: Short sword       |    14 |     1 ||    15
       Dagger            |       |    17 ||    17
 Cast: Shock             |    74 |    97 ||   171
       Static Discharge  |       |    19 ||    19
Invok: Bend Time         |       |     3 ||     3
  Use: Scroll            |       |     4 ||     4
  Eat: Bread ration      |     1 |       ||     1
       Chunk             |       |     5 ||     5
